 Dungeon Crawl Stone Soup version 0.22-b1-21-g5cfc168 (webtiles) character file.

15236 Lilu the Thaumaturge (level 11, 0/68 HPs)
             Began as a Deep Elf Conjurer on Aug 5, 2018.
             Was a Priest of Vehumet.
             Slain by an eight-headed hydra (3 damage)
             ... on level 8 of the Dungeon.
             The game lasted 01:06:42 (16972 turns).

Lilu the Thaumaturge (Deep Elf Conjurer)           Turns: 16972, Time: 01:06:43

Health: 0/68       AC:  9    Str:  4    XL:     11   Next: 99%
Magic:  27/31      EV: 13    Int: 22    God:    Vehumet [***...]
Gold:   742        SH:  5    Dex: 15    Spells: 27/38 levels left

rFire    + + .     SeeInvis +   J - +1 dagger (holy)
rCold    . . .     Gourm    .   w - +0 buckler
rNeg     . . .     Faith    .   N - +1 robe "Qufon" {rF++ MR+ Str-3}
rPois    .         Spirit   .   D - +0 helmet
rElec    .         Reflect  .   (no cloak)
rCorr    .         Harm     +   x - +0 pair of gloves
MR       ++...                  (no boots)
Stlth    ++........             L - amulet of harm
HPRegen  0.21/turn              m - ring of see invisible
MPRegen  0.22/turn              p - +4 ring of protection

@: no status effects
A: no striking features
a: Renounce Religion


You were on level 8 of the Dungeon.
You worshipped Vehumet.
Vehumet was most pleased with you.
You were hungry.

You visited 3 branches of the dungeon, and saw 13 of its levels.
You also visited: Ossuary.

You collected 742 gold pieces.

Inventory:

Hand Weapons
 j - a +1 halberd
 t - a +0 arbalest
 B - a +0 shortbow
 J - a +1 dagger of holy wrath (weapon)
Missiles
 g - 171 arrows
 G - 39 bolts
Armour
 w - a +0 buckler (worn)
 x - a +0 pair of gloves (worn)
 D - a +0 helmet (worn)
 K - a +0 robe of fire resistance
 N - the +1 robe "Qufon" (worn) {rF++ MR+ Str-3}
   (You found it on level 11 of the Dungeon)

   It affects your strength (-3).
   It greatly protects you from fire.
   It affects your resistance to hostile enchantments.
Jewellery
 d - the ring "Iwymiodgh" {*Tele Dex+4 SInv}
   (You found it on level 8 of the Dungeon)

   [ring of teleportation]

   It may teleport you next to monsters.
   It affects your dexterity (+4).
   It lets you see invisible.
 m - a ring of see invisible (left hand)
 p - a +4 ring of protection (right hand)
 z - a +4 ring of slaying
 E - an uncursed amulet of guardian spirit
 L - an amulet of harm (around neck)
 R - an uncursed ring of flight {unknown}
Wands
 q - a wand of acid (12)
 s - a wand of iceblast (6)
 v - a wand of disintegration (7)
 O - a wand of flame (36)
Scrolls
 a - 5 scrolls of enchant armour
 e - a scroll of blinking
 f - 2 scrolls of remove curse
 h - 4 scrolls of teleportation
 k - 2 scrolls of amnesia
 r - 4 scrolls of magic mapping
 y - 3 scrolls of fear {unknown}
 A - a scroll of enchant weapon
 H - 3 scrolls of identify
 I - a scroll of noise {unknown}
Potions
 b - 8 potions of curing
 i - 4 potions of mutation
 l - 5 potions of agility
 n - 2 potions of heal wounds
 o - 2 potions of brilliance {unknown}
 u - 3 potions of haste
 C - 5 potions of lignification
 F - 2 potions of might {unknown}
 P - a potion of resistance {unknown}
 Q - 2 potions of invisibility {unknown}
Miscellaneous
 M - a lightning rod (4/4)
Comestibles
 c - 9 rations


   Skills:
 - Level 8.3 Fighting
 - Level 2.4 Dodging
 - Level 2.4 Stealth
 - Level 4.0 Shields
 - Level 14.3 Spellcasting
 + Level 13.0 Conjurations


You had 27 spell levels left.
You knew the following spells:

 Your Spells              Type           Power        Failure   Level  Hunger
a - Magic Dart            Conj           ####         0%          1    None
b - Searing Ray           Conj           ######       1%          2    None
c - Iskenderun's Mystic   Conj           ######..     1%          4    None
d - Force Lance           Conj/Tloc      #####...     1%          4    None

Your spell library contained the following spells:

 Spells                   Type           Power        Failure   Level  Hunger
 Lehudib's Crystal Spear  Conj/Erth      #####.....   98%         8    #######
 Fire Storm               Conj/Fire      #####.....   100%        9    #######
 Poison Arrow             Conj/Pois      #####.....   11%         6    #####..
 Glaciate                 Conj/Ice       #####.....   100%        9    #######
 Chain Lightning          Conj/Air       #####.....   98%         8    #######
 Fulminant Prism          Conj/Hex       #####.....   1%          4    None
 Dazzling Spray           Conj/Hex       #####.       1%          3    None


Dungeon Overview and Level Annotations

Branches:
Dungeon (11/15)            Temple (1/1) D:4            Lair (1/6) D:8
    Orc: D:9-12

Altars:
Ashenzari
Cheibriados
Dithmenos
Elyvilon
Fedhas
Gozag
Hepliaklqana
Kikubaaqudgha
Makhleb
Nemelex Xobeh
Okawaru
Qazlal
Ru
Sif Muna
Trog
Uskayaw
Vehumet
Wu Jian
Xom
Yredelemnul
Zin
The Shining One
Lugonu

Shops:
D:8 =   D:9 !

Annotations:
D:11 Fannar


Message History

The eight-headed hydra bites you.
You climb upwards.
Welcome back to the Dungeon!
There is a staircase to the Lair, spattered with blood here.
Casting: Searing Ray (safe; 1% risk of failure)
Confirm with . or Enter, or press ? or * to list all spells.
Aiming: Iskenderun's Mystic Blast (safe; 1% risk of failure)
Press: ? - help, Shift-Dir - straight line, f - eight-headed hydra
Aim: an eight-headed hydra The orb of energy hits the eight-headed hydra.
The eight-headed hydra is heavily wounded.
You block the eight-headed hydra's attack.
The eight-headed hydra misses you. The eight-headed hydra bites you.
The eight-headed hydra bites you!
* * * LOW HITPOINT WARNING * * *
The eight-headed hydra bites you.
* * * LOW HITPOINT WARNING * * *
The eight-headed hydra bites you!
* * * LOW HITPOINT WARNING * * *
The eight-headed hydra bites you.
You die...

#..# #..# #..# #..#
##... ##.... ##.....
### #...... #@#
#..=##. #D# #..###.
#.# #..#### #.####
##<...## #....##
##......#
####..####........
######....##........
###
#..##...............
##.## ###
##..#...#...........


You could see an eight-headed hydra.

Vanquished Creatures
  Erolcha (D:11)
  2 hydras (Lair:1)
  3 two-headed ogres
  An unseen horror (D:10)
  2 ugly things
  A black mamba (Lair:1)
  2 spiny frogs (Lair:1)
  A rime drake (Lair:1)
  2 trolls
  Grinder (D:5)
  A hippogriff (D:9)
  Sigmund (D:4)
  A wyvern (Lair:1)
  A spriggan (D:8)
  8 yaks
  2 hungry ghosts
  3 porcupines (Lair:1)
  2 water moccasins (Lair:1)
  3 orc warriors
  2 ice beasts (D:7)
  A black bear (D:6)
  A necrophage (D:7)
  4 phantoms
  A sky beast (D:5)
  4 ogres
  6 centaurs
  3 crocodiles
  A big kobold (D:11)
  An elf zombie (Ossuary)
  9 bullfrogs
  A wyvern zombie (D:7)
  2 scorpions
  11 killer bees
  A howler monkey (D:4)
  4 crimson imps
  A bullfrog zombie (D:6)
  5 centaur zombies
  A human zombie (Ossuary)
  6 jellies
  3 hounds
  23 orc wizards
  5 orc priests
  2 iguanas
  8 worker ants
  A statue (D:7)
  2 mummies (Ossuary)
  4 worker ant zombies
  A howler monkey skeleton (D:6)
  12 gnolls
  5 adders
  2 shadow imps
  2 oozes (D:7)
  2 adder zombies (Ossuary)
  2 adder skeletons
  2 worms
  2 dart slugs
  4 leopard geckos
  37 orcs
  4 ball pythons
  2 bat zombies (D:5)
  3 giant cockroaches
  12 goblins
  6 hobgoblins
  5 jackals
  A quokka (D:2)
  5 bats
  8 frilled lizards
  11 hobgoblin zombies (Ossuary)
  A jackal skeleton (D:4)
  A jackal zombie (Ossuary)
  13 kobolds
  4 kobold zombies (Ossuary)
  13 orc zombies (Ossuary)
  A quokka skeleton (D:5)
  6 rats
  3 rat zombies
321 creatures vanquished.

Vanquished Creatures (others)
  A plant (Lair:1)
1 creature vanquished.

Grand Total: 322 creatures vanquished

Notes
Turn   | Place    | Note
-------+----------+-------------------------------------------
     0 | D:1      | Lilu the Deep Elf Conjurer began the quest for the Orb.
     0 | D:1      | Reached XP level 1. HP: 10/10 MP: 6/6
   391 | D:1      | Reached skill level 5 in Conjurations
   391 | D:1      | Reached XP level 2. HP: 15/15 MP: 1/8
   871 | D:1      | Reached XP level 3. HP: 19/19 MP: 5/9
  1007 | D:2      | Learned a level 2 spell: Searing Ray
  1008 | D:2      | Found an ornate altar of the Wu Jian Council.
  1428 | D:2      | Found a glowing golden altar of the Shining One.
  1488 | D:2      | Found a white marble altar of Elyvilon.
  1685 | D:2      | Reached XP level 4. HP: 20/24 MP: 7/10
  2034 | D:3      | Learned a level 4 spell: Iskenderun's Mystic Blast
  2113 | D:3      | Found a deep blue altar of Sif Muna.
  2138 | D:3      | Reached XP level 5. HP: 12/28 MP: 0/11
  2985 | D:4      | Found a hazy altar of Hepliaklqana.
  2994 | D:4      | Found a shattered altar of Ashenzari.
  2995 | D:4      | Found a bloodstained altar of Trog.
  3342 | D:4      | Reached XP level 6. HP: 25/32 MP: 3/12
  3653 | D:4      | Noticed Sigmund
  3666 | D:4      | Killed Sigmund
  3721 | D:4      | Found a staircase to the Ecumenical Temple.
  3727 | Temple   | Entered the Ecumenical Temple
  3821 | D:5      | Entered Level 5 of the Dungeon
  3877 | D:5      | Reached XP level 7. HP: 34/36 MP: 4/13
  4001 | D:5      | Found an iron altar of Okawaru.
  4110 | D:5      | Found an ancient bone altar of Kikubaaqudgha.
  4152 | D:5      | Noticed Grinder
  4170 | D:5      | Killed Grinder
  4846 | D:6      | Reached XP level 8. HP: 48/48 MP: 10/14
  4900 | D:6      | Found a sparkling altar of Nemelex Xobeh.
  5001 | D:6      | Found a sand-covered staircase.
  5042 | D:6      | Reached skill level 5 in Fighting
  5147 | Ossuary  | Entered an ossuary
  6083 | D:6      | Found a glowing silver altar of Zin.
  6203 | D:6      | Found an opulent altar of Gozag.
  6405 | D:7      | Found a radiant altar of Vehumet.
  6415 | D:7      | Became a worshipper of Vehumet
  6477 | D:7      | Reached XP level 9. HP: 33/57 MP: 3/15
  6968 | D:7      | Found a shadowy altar of Dithmenos.
  8653 | D:8      | Reached skill level 4 in Spellcasting
  8766 | D:8      | Reached skill level 5 in Spellcasting
  8959 | D:8      | Reached * piety under Vehumet
  8959 | D:8      | Offered knowledge of Sandblast by Vehumet.
  9089 | D:8      | Reached skill level 6 in Spellcasting
  9444 | D:8      | Reached skill level 7 in Spellcasting
  9496 | D:8      | Found a burning altar of Makhleb.
  9679 | D:8      | Found Ruihas Koru's Jewellery Shop.
  9695 | D:8      | Got a vibrating wooden ring
  9704 | D:8      | Identified the ring "Iwymiodgh" {*Tele Dex+4 SInv} (You found it on level 8 of the Dungeon)
  9736 | D:8      | Reached skill level 8 in Spellcasting
  9990 | D:8      | Found a staircase to the Lair.
 10215 | Lair:1   | Entered Level 1 of the Lair of Beasts
 10252 | Lair:1   | Noticed a seven-headed hydra
 10261 | Lair:1   | Killed a seven-headed hydra
 10261 | Lair:1   | Reached skill level 10 in Spellcasting
 10261 | Lair:1   | Reached XP level 10. HP: 64/64 MP: 11/26
 10345 | Lair:1   | Noticed a spiny frog
 10353 | Lair:1   | Killed a spiny frog
 10400 | Lair:1   | Noticed a black mamba
 10463 | D:9      | Reached skill level 11 in Spellcasting
 10775 | D:9      | Found a sacrificial altar of Ru.
 11052 | D:9      | Reached skill level 12 in Spellcasting
 11300 | D:9      | Noticed a brown ugly thing
 11308 | D:9      | Killed a brown ugly thing
 11446 | D:9      | Found Gysuw's Distillery.
 11489 | D:9      | Reached skill level 13 in Spellcasting
 11595 | D:9      | Noticed a two-headed ogre
 11603 | D:9      | Killed a two-headed ogre
 11643 | D:9      | Reached skill level 14 in Spellcasting
 11916 | D:9      | Offered knowledge of Throw Frost by Vehumet.
 12086 | D:9      | Found a shimmering altar of Xom.
 12089 | D:9      | Reached ** piety under Vehumet
 12327 | D:10     | Entered Level 10 of the Dungeon
 12331 | D:10     | Reached XP level 11. HP: 47/68 MP: 28/31
 12535 | D:10     | Noticed a two-headed ogre
 12539 | D:10     | Killed a two-headed ogre
 12539 | D:10     | Reached skill level 1 in Shields
 12665 | D:10     | Noticed an unseen horror
 12667 | D:10     | Killed an unseen horror
 12667 | D:10     | Reached skill level 10 in Conjurations
 12819 | D:10     | Noticed a two-headed ogre
 13341 | D:10     | Offered knowledge of Stone Arrow by Vehumet.
 14016 | D:11     | Noticed Erolcha
 14019 | D:11     | Killed Erolcha
 14280 | D:11     | Got a distressingly furry robe
 14291 | D:11     | Identified the cursed +1 robe "Qufon" {rF++ MR+ Str-3} (You found it on level 11 of the Dungeon)
 14395 | D:11     | Noticed a red ugly thing
 14403 | D:11     | Killed a red ugly thing
 14643 | D:11     | Noticed a two-headed ogre
 14653 | D:11     | Killed a two-headed ogre
 14891 | D:11     | Noticed Fannar
 15252 | D:11     | Reached *** piety under Vehumet
 15980 | Lair:1   | Learned a level 4 spell: Force Lance
 16400 | Lair:1   | Noticed a four-headed hydra
 16423 | Lair:1   | Killed a four-headed hydra
 16905 | Lair:1   | Got a fabulously ornate robe
 16917 | Lair:1   | Identified the +0 robe of the Moon Troll {-Cast rN+++ Int-4 Stlth+} (You found it on level 1 of the Lair of Beasts)
 16930 | Lair:1   | Noticed an eight-headed hydra
 16972 | D:8      | HP: 3/68 [eight-headed hydra (12)]
 16972 | D:8      | Slain by an eight-headed hydra

Skill      XL: |  1  2  3  4  5  6  7  8  9 10 11 |
---------------+----------------------------------+-----
Conjurations   | 5 6 7 8 9 13 | 13.0
Fighting       | 3 7 8 |  8.3
Spellcasting   | 10 14 | 14.3
Shields        | 4 |  4.0
Dodging        | |  2.4
Stealth        | |  2.4

Action                   |  1- 3 |  4- 6 |  7- 9 | 10-12 || total
-------------------------+-------+-------+-------+-------++-------
Melee: Halberd           |    52 |    40 |     5 |       ||    97
       Short sword       |     9 |       |       |       ||     9
       Dagger            |       |       |       |     4 ||     4
 Fire: Shortbow          |       |       |   246 |    59 ||   305
       Arbalest          |       |       |       |    25 ||    25
 Cast: Magic Dart        |    40 |    32 |    13 |    16 ||   101
       Searing Ray       |     2 |    15 |    60 |    37 ||   114
       Iskenderun's Myst |       |       |     2 |   115 ||   117
Evoke: Wand              |       |       |     3 |       ||     3
  Use: Scroll            |     4 |       |       |    13 ||    17
       Potion            |       |       |     2 |       ||     2
 Stab: Sleeping          |     3 |     6 |       |       ||     9
  Eat: Chunk             |     2 |     8 |    13 |     7 ||    30
       Ration            |       |       |     3 |     3 ||     6
Armor: Robe              |    14 |     5 |    70 |    23 ||   112
Dodge: Dodged            |    64 |    38 |   137 |    62 ||   301
Block: Buckler           |       |       |       |     5 ||     5
